 Dungeon Crawl Stone Soup version 0.29.1-12-g30fa7ad0bf (webtiles) character file.

Game seed: 12700645322090476463

989 NotreDorf the Poker (level 8, -6/61 HPs)
             Began as a Merfolk Gladiator on Dec 26, 2022.
             Was a Follower of Okawaru.
             Mangled by Grinder (9 damage)
             ... on level 6 of the Dungeon.
             The game lasted 00:19:55 (5365 turns).

NotreDorf the Poker (Merfolk Gladiator)             Turns: 5365, Time: 00:19:55

Health: -6/61      AC:  7    Str: 16    XL:     8   Next: 18%
Magic:  12/12      EV: 14    Int:  8    God:    Okawaru [*.....]
Gold:   307        SH:  0    Dex: 15    Spells: 7/13 levels left

rFire   . . .      SeeInvis .   a - +2 trident (vamp)
rCold   . . .      Faith    .   (no shield)
rNeg    . . .      Spirit   .   b - +0 leather armour
rPois   .          Reflect  .   c - +0 helmet
rElec   .          Harm     .   (no cloak)
rCorr   .          Rampage  .   (no gloves)
Will    .....                   f - +2 pair of boots
Stlth   ++........              (no amulet)
HPRegen 0.20/turn               i - ring of flight
MPRegen 0.13/turn               (no ring)

@: on berserk cooldown, flying, slowed, very slow
A: (nimble swimmer 2), mertail
a: Renounce Religion, Heroism


You were on level 6 of the Dungeon.
You worshipped Okawaru.
Okawaru was aware of your devotion.
You visited 1 branch of the dungeon, and saw 6 of its levels.
You also visited: Ossuary.

You collected 307 gold pieces.

Inventory:

Hand Weapons
 a - a +2 vampiric trident (weapon)
Missiles
 d - 3 throwing nets (quivered)
Armour
 b - a +0 leather armour (worn)
 c - a +0 helmet (worn)
 f - a +2 pair of boots (worn)
Jewellery
 i - a ring of flight (left hand)
Wands
 g - a wand of light (7)
Scrolls
 e - a scroll of identify
 h - a scroll of blinking
 m - a scroll of poison {unknown}
 n - 2 scrolls of butterflies
Potions
 j - 2 potions of magic
 k - a potion of brilliance
 l - a potion of haste
 t - a potion of might
 v - a potion of resistance
 x - a potion of cancellation


   Skills:
 + Level 4.7 Fighting
 + Level 6.4 Polearms
 - Level 2.0 Throwing
 + Level 6.4 Dodging
 - Level 4.1 Stealth
 + Level 3.0 Spellcasting
 + Level 3.7 Poison Magic


You had 7 spell levels left.
You knew the following spells:

 Your Spells              Type           Power      Damage    Failure   Level
a - Olgreb's Toxic Radia  Pois           7%         N/A       65%         4
b - Poisonous Vapours     Pois/Air       8%         N/A       28%         2

Your spell library contained the following spells:

 Spells                   Type           Power      Damage    Failure   Level
 Sting                    Tmut/Pois      16%        1d3       19%         1
 Ensorcelled Hibernation  Hex/Ice        2%         N/A       52%         2
 Passwall                 Tmut/Erth      0%         N/A       52%         2
 Portal Projectile        Hex/Tloc       2%         N/A       75%         3
 Swiftness                Air            1%         N/A       75%         3
 Corpse Rot               Necr/Pois/Air  3%         N/A       94%         4
 Leda's Liquefaction      Hex/Erth       0%         N/A       98%         4
 Call Canine Familiar     Summ           Unusable   N/A       N/A         3

Dungeon Overview and Level Annotations

Branches:
Dungeon (6/15)            Ossuary (visited)
 Temple: D:4-7

Altars:
Ashenzari
Okawaru
Ru

Shops:
D:3 [   D:6 =

Annotations:
D:6 Grinder, Menkaure


Innate Abilities, Weirdness & Mutations

((You are very nimble when in or above water. (Stealth+, EV+, Speed+++)))
Your lower body shifts to a powerful aquatic tail in water.


Message History

Grinder is moderately wounded.
Grinder hits you!
* * * LOW HITPOINT WARNING * * *
You writhe in agony.
* * * LOW HITPOINT WARNING * * *
Okay, then.
Okay, then.
You feel better. Grinder hits you.
* * * LOW HITPOINT WARNING * * *
Grinder barely misses you.
You closely miss Grinder.
Grinder is moderately wounded.
Grinder blinks!
Grinder blinks!
Grinder blinks!
There is an entrance to Tacvees's Jewellery Emporium here.
Grinder gestures at you.
You struggle to resist.
Grinder gestures at you.
You suddenly lose the ability to move!
Grinder blinks!
You can move again.
Grinder gestures at you.
You shrug off the repeated paralysis!
Grinder gestures at you. Pain shoots through your body!
* * * LOW HITPOINT WARNING * * *
You are too injured to fight recklessly!
Grinder says, "What is the universe for?"
You barely miss Grinder.
Grinder is moderately wounded.
Grinder gestures at you. You resist with some effort.
Grinder barely misses you.
You puncture Grinder!
Grinder is heavily wounded.
Grinder barely misses you.
You barely miss Grinder.
Grinder is heavily wounded.
Grinder hits you!
You die...

.... ##............#
.......##.............#
.............#....#.##
#...........)##..####
... #...........###.##
..###........#..# ###
.............#..# .
###......5..#...##.##
..#.##(.....@.#........#
.......##............###
............#........#
........∩...#####..###
#...###....## #.##
#..###..#..# ###
#....###..# #....# ...#
....>........#


You could see Grinder.

Vanquished Creatures
  An ice beast (D:6)
  2 ogres (D:5)
  A phantom (D:4)
  A bullfrog (D:5)
  A scorpion (D:4)
  2 water moccasin zombies (Ossuary)
  2 hounds (D:5)
  A jelly (D:5)
  3 iguanas (D:5)
  Ijyb (D:5)
  3 mummies
  6 adders
  8 adder zombies (Ossuary)
  2 worms
  3 dart slugs
  10 orcs
  12 ball pythons
  6 endoplasms
  6 giant cockroaches
  2 gnoll zombies (Ossuary)
  7 goblins
  2 hobgoblins (D:3)
  8 jackals
  2 quokkas
  A frilled lizard (D:2)
  A goblin zombie (D:4)
  4 hobgoblin zombies
  5 kobolds
  5 kobold zombies (Ossuary)
  2 orc zombies (Ossuary)
  9 rats
119 creatures vanquished.

Notes
Turn   | Place    | Note
-------+----------+-------------------------------------------
     0 | D:1      | NotreDorf the Merfolk Gladiator began the quest for the
                  | Orb.
     0 | D:1      | Reached XP level 1. HP: 16/16 MP: 1/1
   389 | D:1      | Reached XP level 2. HP: 20/23 MP: 2/2
   470 | D:1      | Reached skill level 1 in Stealth
   639 | D:1      | Learned a level 1 spell: Sting
   653 | D:1      | Found a faded altar of an unknown god.
   855 | D:2      | Reached XP level 3. HP: 28/28 MP: 3/3
  1427 | D:2      | Reached skill level 1 in Poison Magic
  1427 | D:2      | Reached XP level 4. HP: 21/34 MP: 5/5
  1568 | D:2      | Learned a level 2 spell: Poisonous Vapours
  1804 | D:3      | Found a sacrificial altar of Ru.
  2182 | D:3      | Reached skill level 1 in Spellcasting
  2374 | D:3      | Found Dezxui's Antique Armour Emporium.
  2541 | D:3      | Found a broken altar of Ashenzari.
  2632 | D:4      | Noticed a scorpion
  2646 | D:4      | Killed a scorpion
  2647 | D:4      | Reached skill level 5 in Polearms
  2647 | D:4      | Reached skill level 5 in Dodging
  2647 | D:4      | Reached XP level 5. HP: 31/41 MP: 2/7
  2651 | D:4      | Noticed a phantom
  2678 | D:4      | Killed a phantom
  2679 | D:4      | Reached XP level 6. HP: 16/47 MP: 5/8
  3204 | D:4      | Found a sand-covered staircase.
  3217 | Ossuary  | Entered an ossuary
  3689 | Ossuary  | Reached XP level 7. HP: 53/53 MP: 10/10
  3994 | D:4      | Learned a level 4 spell: Olgreb's Toxic Radiance
  3999 | D:5      | Entered Level 5 of the Dungeon
  4013 | D:5      | Found an iron altar of Okawaru.
  4060 | D:5      | Became a worshipper of Warmaster Okawaru
  4420 | D:5      | Noticed Ijyb
  4493 | D:5      | Killed Ijyb
  4897 | D:5      | Reached * piety under Okawaru
  4898 | D:5      | Reached XP level 8. HP: 42/61 MP: 12/12
  5247 | D:6      | Noticed Menkaure
  5311 | D:6      | Found Tacvees's Jewellery Emporium.
  5320 | D:6      | Noticed Grinder
  5333 | D:6      | HP: 3/61 [ice beast (14)]
  5335 | D:6      | Paralysed by Grinder for 5 turns
  5345 | D:6      | Paralysed by Grinder for 3 turns
  5358 | D:6      | Paralysed by Grinder for 2 turns
  5361 | D:6      | HP: 2/61 [Grinder/nerve-wracking pain (5)]
  5365 | D:6      | Mangled by Grinder

Illustrated notes

Levels and vault maps discovered:
D:1:      ncdulo_wetmaze, layout_loops_ring, ebering_ecumenical_altar_petrified
D:2:      layout_loops_cross
D:3:      minmay_inner_zag, layout_rooms, ashenzari_altar_1,
          lemuel_crystal_altar, serial_shops, nicolae_shop_statue_plus
D:4:      layout_rooms, nicolae_ossuary_entry_giza
D:5:      layout_basic, kennysheep_okawaru_gauntlet, uniq_ijyb
D:6:      layout_cave_pools, lemuel_tele_altar, lemuel_doored_altar,
          serial_shops, shop, uniq_crazy_yiuf_cottage, uniq_grinder,
          uniq_menkaure

Skill      XL: |  1  2  3  4  5  6  7  8 |
---------------+-------------------------+-----
Stealth        | 1 2 3 4 |  4.1
Poison Magic   | 1 2 3 |  3.7
Spellcasting   | 1 2 3 |  3.0
Fighting       | 3 4 |  4.7
Polearms       | 5 6 |  6.4
Dodging        | 5 6 |  6.4
Throwing       | |  2.0

Action                   |  1- 3 |  4- 6 |  7- 9 || total
-------------------------+-------+-------+-------++-------
Melee: Trident           |   114 |   269 |   138 ||   521
       Punch             |     2 |     4 |     1 ||     7
 Cast: Poisonous Vapours |       |     1 |       ||     1
  Use: Potion            |     2 |       |     7 ||     9
       Scroll            |       |       |    13 ||    13
 Stab: Sleeping          |     2 |     9 |     3 ||    14
       Distracted        |     1 |       |       ||     1
Armor: Leather armour    |    34 |    58 |    33 ||   125
Dodge: Dodged            |    48 |   136 |    90 ||   274
